 Dungeon Crawl Stone Soup version 0.31.0-1-g2c135a0 (webtiles) character file.

Game seed: 10222967086191156644

233 edsrzf the Trooper (level 6, -4/67 HPs)
             Began as an Oni Brigand on Jan 30, 2024.
             Slain by Robin
             ... wielding a +2 mace of protection
              (5 damage)
             ... on level 4 of the Dungeon.
             The game lasted 00:04:06 (2969 turns).

edsrzf the Trooper (Oni Brigand)                    Turns: 2969, Time: 00:04:07

Health: -4/67      AC:  4    Str: 18    XL:     6   Next: 5%
Magic:  6/6        EV:  9    Int: 12    God:
Gold:   224        SH:  0    Dex: 10    Spells: 5/5 levels left

rFire   . . .        a - +2 dagger
rCold   + . .        (no shield)
rNeg    . . .        b - +0 robe
rPois   .            (helmet restricted)
rElec   .            c - +0 cloak
rCorr   .            (gloves unavailable)
SInv    .            (boots unavailable)
Will    .....        (no amulet)
Stlth   +            (no ring)
HPRegen 0.31/turn    (no ring)
MPRegen 0.10/turn

%: no passive effects
@: brilliant, on fire, glowing
A: large, unfitting armour, horns 1, tough skin 1, double potion healing,
drunken brawling, cold resistance 1, wild magic 1, persistent drain
a: no special abilities


You were on level 4 of the Dungeon.
You visited 1 branch of the dungeon, and saw 4 of its levels.

You collected 224 gold pieces.

Inventory:

Hand Weapons
 a - a +2 dagger (weapon)
Missiles
 d - 9 poisoned darts (quivered)
 e - 3 curare-tipped darts
 f - 3 silver javelins
 p - 3 atropa-tipped darts
 r - a throwing net {=f}
Armour
 b - a +0 robe (worn)
 c - a +0 cloak (worn)
Talismans
 g - a flux talisman
Scrolls
 i - a scroll of fear {unknown}
 j - a scroll of teleportation {unknown}
 k - a scroll of poison {unknown}
 l - a scroll of amnesia {unknown}
 m - a scroll of revelation {unknown}
 n - a scroll of identify {unknown}
 q - a scroll of enchant weapon {unknown}
 t - a scroll of vulnerability {unknown}
Potions
 o - a potion of mutation {!q}
 s - a potion of curing


   Skills:
 + Level 6.0 Fighting
 - Level 1.7 Short Blades
 + Level 4.4 Throwing
 - Level 0.8 Dodging
 - Level 2.9 Stealth


You had 5 spell levels left.
You didn't know any spells.
Your spell library was empty.

Dungeon Overview and Level Annotations

Branches:
Dungeon (4/15)
 Temple: D:4-7

Altars:

Shops:
D:3 (

Annotations:
D:4 Robin


Innate Abilities, Weirdness & Mutations

You are too large for most types of armour.
You have a pair of small horns on your head.
You have tough skin. (AC +1)
You gain doubled healing and magic from potions.
Whenever you drink a healing potion, you attack all around you.
Your flesh is cold resistant. (rC+)
Your spells are a little harder to cast, but a little more powerful.
Your health recovers twice as slowly from being drained.


Message History

Unknown command.
You hit the hobgoblin. Your punch misses the hobgoblin.
The hobgoblin is moderately wounded.
Robin throws the goblin at you! The hobgoblin hits you.
You completely miss the hobgoblin.
The hobgoblin is moderately wounded.
The goblin hits you with a +0 club.
You hit the hobgoblin.
You kill the hobgoblin!
The goblin no longer looks unusually strong.
The hobgoblin no longer looks unusually strong.
The goblin no longer looks unusually strong.
A goblin comes into view. It is wielding a +0 dagger.
The hobgoblin closely misses you. The goblin hits you with a +0 club.
Robin flexes a bicep menacingly.
Robin throws the goblin at you!
The goblin shouts!
You hit the goblin. Your headbutt misses the goblin.
The goblin is heavily wounded.
The hobgoblin hits you.
A goblin comes into view. It is wielding a +0 club.
The goblin hits you with a +0 dagger.
* * * LOW HITPOINT WARNING * * *
The goblin barely misses you.
You barely miss the goblin. You headbutt the goblin.
The goblin is severely wounded.
The goblin hits you but does no damage. The hobgoblin hits you.
* * * LOW HITPOINT WARNING * * *
The goblin hits you but does no damage.
Unknown command.
You take a swig of the potion and twirl your +2 dagger.
You hit the goblin.
You kill the goblin!
You closely miss the goblin.
The goblin is severely wounded.
You hit the hobgoblin.
You kill the hobgoblin!
It was a potion of curing.
You savour every drop.
You feel better.
Robin roars a battlecry!
The goblins go into a battle-frenzy!
The goblin barely misses you.
Your Fighting skill increases to level 6!
You hit the goblin.
You kill the goblin!
Robin throws the goblin at you! The goblin hits you with a +0 club. x2
The hobgoblin barely misses you.
You closely miss the goblin. The goblin barely misses you.
The goblin hits you but does no damage. The hobgoblin hits you.
You hit the goblin. You headbutt the goblin.
You kill the goblin!
The goblin hits you with a +0 club. The hobgoblin hits you.
* * * LOW HITPOINT WARNING * * *
You hit the goblin.
You kill the goblin!
You hit the hobgoblin. You headbutt the hobgoblin.
The hobgoblin is severely wounded.
The hobgoblin misses you.
You hit the hobgoblin but do no damage.
The hobgoblin is heavily wounded.
Robin roars a battlecry!
The hobgoblin goes into a battle-frenzy!
The hobgoblin closely misses you.
You hit the hobgoblin.
The hobgoblin is almost dead.
Robin hits you with a +2 mace of protection.
* * * LOW HITPOINT WARNING * * *
The hobgoblin completely misses you.
You hit the hobgoblin.
You kill the hobgoblin!
Robin barely misses you.
You hit Robin but do no damage. Robin closely misses you.
You hit Robin but do no damage. You headbutt Robin, but do no damage.
The bombardier beetle sprays incendiary fluid at you.
The burning spray hits you.
You are covered in liquid fire!
You closely miss Robin. The liquid fire burns you!
* * * LOW HITPOINT WARNING * * *
Robin hits you with a +2 mace of protection.
* * * LOW HITPOINT WARNING * * *
It was a potion of brilliance.
You feel clever all of a sudden. The liquid fire burns you!
* * * LOW HITPOINT WARNING * * *
Robin barely misses you.
The bombardier beetle bites you but does no damage.
Okay, then.
Okay, then.
You hit Robin.
Robin is moderately wounded.
The liquid fire burns you!
* * * LOW HITPOINT WARNING * * *
Robin barely misses you.
You hit Robin. Your punch misses Robin.
Robin is moderately wounded.
The liquid fire burns you!
* * * LOW HITPOINT WARNING * * *
Robin hits you with a +2 mace of protection.
You die...
Robin says, "And that's why I'm the boss."

#............#
########.......†...|#
#...............##..###
#....!.#.......###..#.####..
#g.....######...............
g.B...ggg......###..<.†.##..
..g...g####...## ##..#......
.g..... ##g### #..###.####
....### #$@# #..# .# #..
#.B## ....# # .. #.## #.##.#
. ... #. #. ...# . .. ≈≈≈..
.g≈?. #.≈..


You could see a bombardier beetle, Robin and a hobgoblin (strong).

Vanquished Creatures
  A scorpion (D:4)
  A hound (D:4)
  An orc priest (D:3)
  5 adders
  A dart slug (D:2)
  4 orcs
  6 endoplasms
  A giant cockroach (D:3)
  14 goblins
  4 hobgoblins
  6 quokkas
  2 ball pythons
  8 bats
  3 frilled lizards
  4 kobolds
  3 rats
64 creatures vanquished.

Notes
Turn   | Place    | Note
-------+----------+-------------------------------------------
     0 | D:1      | edsrzf the Oni Brigand began the quest for the Orb.
     0 | D:1      | Reached XP level 1. HP: 22/22 MP: 1/1
   181 | D:1      | Reached skill level 3 in Fighting
   229 | D:1      | Reached XP level 2. HP: 30/31 MP: 2/2
   377 | D:1      | Found a faded altar of an unknown god.
  1011 | D:2      | Reached XP level 3. HP: 37/39 MP: 3/3
  1398 | D:2      | Reached skill level 4 in Fighting
  1398 | D:2      | Reached skill level 3 in Throwing
  1839 | D:3      | Reached XP level 4. HP: 23/49 MP: 4/4
  2204 | D:3      | Found Bunaqoja's Antique Weapon Shoppe.
  2319 | D:3      | Reached skill level 5 in Fighting
  2319 | D:3      | Reached XP level 5. HP: 14/57 MP: 5/5
  2321 | D:3      | Identified 2 potions of mutation
  2321 | D:3      | Gained mutation: Your spells are a little harder to cast,
                  | but a little more powerful. [potion of mutation]
  2321 | D:3      | Gained mutation: Your health recovers twice as slowly from
                  | being drained. [potion of mutation]
  2321 | D:3      | Gained mutation: Your flesh is cold resistant. (rC+)
                  | [potion of mutation]
  2718 | D:4      | Reached skill level 4 in Throwing
  2929 | D:4      | Noticed Robin
  2948 | D:4      | Reached XP level 6. HP: 35/67 MP: 6/6
  2955 | D:4      | Identified 2 potions of curing
  2956 | D:4      | Reached skill level 6 in Fighting
  2967 | D:4      | Identified a potion of brilliance
  2969 | D:4      | HP: 1/67 [burnt (4)]
  2969 | D:4      | Slain by Robin

Illustrated notes

Levels and vault maps discovered:
D:1:      roderic_crop_circles_arrival_small, layout_basic, serial_glass,
          glass_columns_c, glass_columns_b, item_on_display_b,
          item_on_display_a, feat_on_display, shapermc_ecumenical_altar_gd
D:2:      layout_basic
D:3:      layout_basic, serial_shops, nicolae_shop_overgrown_old_shop
D:4:      layout_rooms, mainiacjoe_overflow_brackets, uniq_robin

Skill      XL: |  1  2  3  4  5  6 |
---------------+-------------------+-----
Fighting       | 3 4 5 6 |  6.0
Throwing       | 3 4 |  4.4
Short Blades   | |  1.7
Dodging        | |  0.8
Stealth        | |  2.9

Action                     |  1- 3 |  4- 6 || total
---------------------------+-------+-------++-------
  Melee: Dagger            |    85 |   129 ||   214
         Headbutt          |    11 |    21 ||    32
         Punch             |       |     1 ||     1
    Use: Potion            |       |     3 ||     3
   Stab: Sleeping          |     9 |     1 ||    10
         Distracted        |       |     1 ||     1
 Armour: Robe              |    52 |   100 ||   152
  Dodge: Dodged            |    36 |    61 ||    97
